 Dungeon Crawl Stone Soup version 0.31-a0-188-g5e087ee2ca (webtiles) character file.

Game seed: 15949582989556678951

58 qw the Shooter (level 3, -1/20 HPs)
             Began as a Deep Elf Hunter on June 23, 2023.
             Slain by Sigmund
             ... wielding a +0 scythe
              (7 damage)
             ... on level 3 of the Dungeon.
             The game lasted 00:00:33 (1696 turns).

qw the Shooter (Deep Elf Hunter)                    Turns: 1696, Time: 00:00:33

Health: -1/20      AC:  7    Str: 10    XL:     3   Next: 76%
Magic:  5/5        EV: 11    Int: 13    God:
Gold:   107        SH:  0    Dex: 18    Spells: 2/2 levels left

rFire   . . .        Y - +0 shortbow
rCold   . . .        (shield currently unavailable)
rNeg    . . .        i - +0 ring mail
rPois   .            h - +0 helmet
rElec   .            (no cloak)
rCorr   .            e - +0 pair of gloves
SInv    .            (no boots)
Will    .....        (no amulet)
Stlth   +            (no ring)
HPRegen 0.23/turn    (no ring)
MPRegen 0.09/turn

%: no passive effects
@: no status effects
A: no striking features
a: no special abilities


You were on level 3 of the Dungeon.
You visited 1 branch of the dungeon, and saw 3 of its levels.

You collected 135 gold pieces.
You spent 28 gold pieces at shops.


   Skills:
 - Level 1.5 Fighting
 + Level 7.2 Ranged Weapons
 - Level 2.4 Dodging
 - Level 1.2 Stealth


You had 2 spell levels left.
You didn't know any spells.
Your spell library was empty.

Inventory:

Hand Weapons
 Y - a +0 shortbow (weapon)
Armour
 e - a +0 pair of gloves (worn)
 h - a +0 helmet (worn)
 i - a +0 ring mail (worn)
Scrolls
 d - a scroll of identify
Potions
 b - a potion of attraction {unknown}
 g - a potion of curing

Dungeon Overview and Level Annotations

Branches:
Dungeon (3/15)

Altars:

Shops:
D:1 :?

Annotations:
D:3 Sigmund


Message History

Found 4 stones.
You start resting.
Something barely misses you. Something hits you!
Deactivating autopickup; reactivate with Ctrl-A.
Autopickup is now on.
You start resting.
Something hits you but does no damage.
Deactivating autopickup; reactivate with Ctrl-A.
Autopickup is now on.
You start resting.
There is a strange disturbance nearby!
1688 ||| Stepping randomly (disturbance).
Really walk into a travel-excluded area?
Something hits you but does no damage.
Deactivating autopickup; reactivate with Ctrl-A.
Autopickup is now on.
1689 ||| DRINKING potion of heal wounds.
You feel much better.
You hear some strange, mumbled words.
A magic dart appears from out of thin air!
Deactivating autopickup; reactivate with Ctrl-A.
The magic dart hits you.
Autopickup is now on.
You hear some strange, mumbled words.
A puff of flame appears from out of thin air!
Deactivating autopickup; reactivate with Ctrl-A.
The puff of flame misses you.
You shoot an arrow. Something hits you!
You shoot an arrow. Something hits you.
You shoot an arrow. You shoot an arrow. Something hits you.
You shoot an arrow. Something hits you but does no damage.
You shoot an arrow. Something hits you!
You die...

##### .#
##.... (#
#.....# .#
....... .#
....... .#
....$..###.+
...........#
#.....#{.@.#
#.... #..#.#
#.#. #..#.#
# # #..#.#
#..#.#
#..#.#
#..#.+
.....#


There were no monsters in sight!

Vanquished Creatures
  2 adders (D:2)
  A dart slug (D:2)
  2 ball pythons (D:2)
  7 bats
  3 endoplasms
  2 giant cockroaches
  6 goblins
  2 hobgoblins (D:2)
  2 jackals (D:1)
  2 kobolds (D:2)
  A quokka (D:2)
  A frilled lizard (D:2)
  2 rats
33 creatures vanquished.

Notes
Turn   | Place    | Note
-------+----------+-------------------------------------------
     0 | D:1      | qw the Deep Elf Hunter began the quest for the Orb.
     0 | D:1      | Reached XP level 1. HP: 12/12 MP: 3/3
     0 | D:1      | 0 ||| qw: Version: 0.3-a-9-g12657ce
     0 | D:1      | 0 ||| qw: Game counter: 3544
     0 | D:1      | 0 ||| qw: Always use a shield: true
     0 | D:1      | 0 ||| qw: God list: Okawaru
     0 | D:1      | 0 ||| qw: Allow faded altars: false
     0 | D:1      | 0 ||| qw: Do Orc after D:15 true
     0 | D:1      | 0 ||| qw: Do second Lair branch before Depths: true
     0 | D:1      | 0 ||| qw: Lair rune preference: random
     0 | D:1      | 0 ||| qw: Plans: Normal
     0 | D:1      | 0 ||| PLANNING D:1-11
    23 | D:1      | Found Peuck's Book Shoppe.
   196 | D:1      | Reached skill level 6 in Ranged Weapons
   196 | D:1      | Reached XP level 2. HP: 16/16 MP: 4/4
   355 | D:1      | Found Fathiuri's Magic Scroll Shoppe.
   394 | D:1      | 394 ||| BUYING scroll of identify (28 gold).
   394 | D:1      | Bought a scroll of identify for 28 gold pieces
   394 | D:1      | 394 ||| SHOPLISTING scroll of identify (28 gold, have 9).
   394 | D:1      | 394 ||| SHOPLISTING scroll of teleportation (42 gold, have
                  | 9).
   469 | D:1      | 469 ||| UPGRADING to +0 pair of gloves.
   474 | D:1      | 474 ||| UPGRADING to +0 helmet.
   501 | D:1      | 501 ||| DRINKING 2 glowing orange potions.
   502 | D:1      | 502 ||| READING 2 scrolls of identify.
   502 | D:1      | 502 ||| IDENTIFYING puce potion
   503 | D:1      | 503 ||| DROPPING scroll of butterflies.
   817 | D:2      | Reached XP level 3. HP: 20/20 MP: 5/5
   930 | D:2      | Reached skill level 7 in Ranged Weapons
  1620 | D:2      | 1620 ||| UPGRADING to +0 ring mail.
  1630 | D:2      | 1630 ||| DROPPING +0 leather armour.
  1631 | D:2      | 1631 ||| READING scroll labelled SUXTIH VAJ AKO.
  1632 | D:2      | 1632 ||| READING scroll labelled HYELYQ XOZO.
  1633 | D:2      | 1633 ||| READING scroll labelled UDAXZO PIKO.
  1668 | D:3      | Noticed Sigmund
  1685 | D:3      | HP: 2/20 [something (8)]
  1688 | D:3      | 1688 ||| Stepping randomly (disturbance).
  1689 | D:3      | 1689 ||| DRINKING potion of heal wounds.
  1696 | D:3      | Slain by Sigmund

Levels and vault maps discovered:
D:1:      lightli_molten_gateway, layout_rooms, serial_shops, shop,
          nicolae_shop_stone
D:2:      layout_basic, hangedman_decor_diamond_cutter
D:3:      layout_loops_ring, nemelex_spade_bored_becter, marbit_many_paths,
          hellmonk_ecumenical_altar_heavens_door, kennysheep_path_1,
          minmay_quadrilaterals, uniq_robin, uniq_sigmund, uniq_jessica,
          uniq_terence

Skill      XL: |  1  2  3 |
---------------+----------+-----
Ranged Weapons | 6 7 |  7.2
Fighting       | |  1.5
Dodging        | |  2.4
Stealth        | |  1.2

Action                     || total
---------------------------++-------
   Fire: Shortbow          ||   111
    Use: Scroll            ||     4
         Potion            ||     2
 Armour: Leather armour    ||     6
         Ring mail         ||     3
  Dodge: Dodged            ||    15

Table legend:
 A = Non-vault XP
 B = Vault XP
 C = Vault XP percentage of total XP
 D = Non-vault monster count
 E = Vault monster count
 F = Vault count percentage of total count
                 A         B        C        D         E       F
            +---------+---------+-------+---------+---------+-------
      Total |      84 |       0 |   0.0 |      33 |       0 |   0.0
            +---------+---------+-------+---------+---------+-------
        D:1 |      23 |       0 |   0.0 |      12 |       0 |   0.0
        D:2 |      61 |       0 |   0.0 |      21 |       0 |   0.0
            +---------+---------+-------+---------+---------+-------
